 Dungeon Crawl Stone Soup version 0.23-a0-643-g9ccc95a (webtiles) character file.

35 Lanoc the Slasher (level 3, -4/33 HPs)
             Began as a Draconian Chaos Knight on Dec 31, 2018.
             Was a Plaything of Xom.
             Slain by an ice beast (14 damage)
             ... on level 2 of the Dungeon.
             The game lasted 00:00:59 (495 turns).

Lanoc the Slasher (Draconian Chaos Knight)           Turns: 495, Time: 00:01:00

Health: -4/33      AC:  5    Str: 15    XL:     3   Next: 17%
Magic:  3/3        EV: 12    Int: 12    God:    Xom [..*...]
Gold:   26         SH:  0    Dex: 10    Spells: 2/2 levels left

rFire    . . .     SeeInvis .   a - +0 falchion (chaos)
rCold    . . .     Gourm    .   (no shield)
rNeg     . . .     Faith    .   (armour unavailable)
rPois    .         Spirit   .   (helmet restricted)
rElec    .         Reflect  .   (no cloak)
rCorr    .         Harm     .   (no gloves)
MR       .....                  (no boots)
Stlth    +.........             (no amulet)
HPRegen  0.11/turn              (no ring)
MPRegen  0.08/turn              (no ring)

@: slowed, very slow
A: unfitting armour, cold-blooded, AC +5
a: Renounce Religion


You were on level 2 of the Dungeon.
You worshipped Xom.
You were a toy of Xom.
You were not hungry.

You visited 1 branch of the dungeon, and saw 2 of its levels.

You collected 26 gold pieces.

Inventory:

Hand Weapons
 a - a +0 falchion of chaos (weapon)
Scrolls
 c - a scroll of amnesia {unknown}
 f - a scroll of enchant weapon {unknown}
 h - a scroll of remove curse {unknown}
Potions
 d - a potion of lignification {unknown}
 e - a potion of agility {unknown}
Comestibles
 b - 3 rations
 g - a chunk of flesh


   Skills:
 + Level 3.7 Fighting
 * Level 3.7 Long Blades
 + Level 2.5 Dodging


You had 2 spell levels left.
You didn't know any spells.
Your spell library was empty.

Dungeon Overview and Level Annotations

Branches:
Dungeon (1/15)

Altars:
Ru


Innate Abilities, Weirdness & Mutations

Your plain brown scales are hard. (AC +5)
You cannot fit into any form of body armour.
You are cold-blooded and may be slowed by cold attacks.


Message History

The ice beast hits you but does no damage.
You barely miss the ice beast.
The ice beast is lightly wounded.
The bat hits you but does no damage. The ice beast misses you.
You riposte.
You barely miss the ice beast.
The ice beast is lightly wounded.
You hit the ice beast but do no damage.
You tail-slap the ice beast, but do no damage.
The ice beast is lightly wounded.
The bat hits you but does no damage. The ice beast hits you.
The ice beast freezes you.
The ice beast hits you but does no damage.
You are too injured to fight recklessly!
You are too injured to fight recklessly!
You hit the ice beast.
Nothing appears to happen.
The ice beast is lightly wounded.
The bat hits you but does no damage. The ice beast hits you.
The ice beast freezes you!
You feel yourself slow down.
You die...
Xom guffaws!

.......#.#
#.#.#
##....#..##
....#....#
###...#
####..#...
....# #..#
#.....# ##.#...
....# ..#
#.....# ##
#..... ....#
#...).#..#
###... ....#
###........#
#### ....#
#.##....b..#.##
##..# #
#...(......#.#
##.##.#
###..##.@...# #
##.##.#.##..
#.Y...#
..........
#.........
..........
.##.#.#...
.......... #.
#...>...
.......... #.
....#...
.....##### ..
.#. ... .#####
. .... .. ...


You could see an ice beast and a bat.

Vanquished Creatures
  An adder (D:2)
  2 dart slugs (D:2)
  2 leopard geckos (D:2)
  A ball python (D:1)
  A giant cockroach (D:2)
  A goblin (D:2)
  2 hobgoblins (D:2)
  2 jackals (D:2)
  2 kobolds (D:2)
  3 bats (D:2)
  2 frilled lizards (D:2)
19 creatures vanquished.

Notes
Turn   | Place    | Note
-------+----------+-------------------------------------------
     0 | D:1      | Lanoc the Draconian Chaos Knight began the quest for the
                  | Orb.
     0 | D:1      | Reached XP level 1. HP: 19/19 MP: 1/1
    20 | D:1      | You fall through a shaft!
    28 | D:2      | XOM: potion effect (might)
    33 | D:2      | Reached XP level 2. HP: 5/26 MP: 2/2
   302 | D:2      | Found a sacrificial altar of Ru.
   370 | D:2      | Reached XP level 3. HP: 29/31 MP: 3/3
   480 | D:2      | Noticed an ice beast
   495 | D:2      | Slain by an ice beast

Vault maps used:
D:1:      grunt_arrival_crossed_arrows
D:2:      nicolae_ru_path_of_blood, kennysheep_potato

Action                   || total
-------------------------++-------
Melee: Falchion          ||    69
       Tailslap          ||     6
Armor: Skin              ||    32
Dodge: Dodged            ||    73
       Rpst.: Falchion   ||    24

Table legend:
 A = Non-vault XP
 B = Vault XP
 C = Vault XP percentage of total XP
 D = Non-vault monster count
 E = Vault monster count
 F = Vault count percentage of total count
                 A         B        C        D         E       F
            +---------+---------+-------+---------+---------+-------
      Total |      51 |       0 |   0.0 |      19 |       0 |   0.0
            +---------+---------+-------+---------+---------+-------
        D:1 |       2 |       0 |   0.0 |       1 |       0 |   0.0
        D:2 |      49 |       0 |   0.0 |      18 |       0 |   0.0
            +---------+---------+-------+---------+---------+-------
